 Dungeon Crawl Stone Soup version 0.27.0-1-g7a089689b8 (webtiles) character file.

Game seed: 7268253817672917151

424 Strat the Skirmisher (level 6, -6/58 HPs)
             Began as a Ghoul Brigand on Aug 14, 2021.
             Mangled by an iguana (11 damage)
             ... on level 5 of the Dungeon.
             The game lasted 00:14:48 (5001 turns).

Strat the Skirmisher (Ghoul Brigand)                Turns: 5001, Time: 00:14:49

Health: -6/58      AC:  8    Str: 17    XL:     6   Next: 96%
Magic:  5/5        EV:  9    Int: 12    God:
Gold:   144        SH:  0    Dex: 10    Spells: 1/5 levels left

rFire    . . .     SeeInvis .   a - +2 dagger
rCold    + . .     Faith    .   (no shield)
rNeg     + + +     Spirit   .   p - +0 scale mail
rPois    ∞         Reflect  .   (no helmet)
rElec    .         Harm     .   c - +0 cloak
rCorr    .         Rampage  .   (no gloves)
Will     .....                  (no boots)
Stlth    +.........             (no amulet)
HPRegen  0.00/turn              h - +6 ring of intelligence
MPRegen  0.09/turn              u - ring of wizardry

@: inhibited regen
A: claws 1, cold resistance 1, negative energy resistance 3, inhibited
regeneration, torment resistance 2
a: no special abilities


You were on level 5 of the Dungeon.
You visited 1 branch of the dungeon, and saw 5 of its levels.

You collected 144 gold pieces.

Inventory:

Hand Weapons
 a - a +2 dagger (weapon)
 b - a +0 hunting sling
 d - a +1 mace of pain
 j - a +0 great sword
Missiles
 e - 2 curare-tipped darts
 g - 99 stones (quivered)
 n - 28 sling bullets
 o - 2 poisoned darts
Armour
 c - a +0 cloak (worn)
 l - a +0 robe
 m - a +0 ring mail
 p - a +0 scale mail (worn)
 q - a scarf of repulsion
Jewellery
 h - a +6 ring of intelligence (left claw)
 r - a ring of fire
 t - a ring of flight
 u - a ring of wizardry (right claw)
Scrolls
 f - 2 scrolls of identify
 i - 5 scrolls of noise
 k - 2 scrolls of immolation
Potions
 s - a potion of curing


   Skills:
 + Level 6.4 Fighting
 - Level 1.7 Short Blades
 - Level 1.7 Throwing
 + Level 3.5 Armour
 - Level 0.8 Dodging
 - Level 4.3 Stealth


You had one spell level left.
You knew the following spells:

 Your Spells              Type           Power      Damage    Failure   Level
a - Passage of Golubria   Tloc           N/A        N/A       98%         4

Your spell library contained the following spells:

 Spells                   Type           Power      Damage    Failure   Level
 Slow                     Hex            0%         N/A       52%         2
 Confusing Touch          Hex            0%         N/A       75%         3
 Vampiric Draining        Necr           0%         2d6       75%         3
 Silence                  Hex/Air        0%         N/A       100%        5
 Lehudib's Crystal Spear  Conj/Erth      0%         10d2      100%        8


Dungeon Overview and Level Annotations

Branches:
Dungeon (5/15)
 Temple: D:4-7

Altars:

Annotations:
D:4 Edmund
D:5 Pikel


Innate Abilities, Weirdness & Mutations

You thrive by killing the living.
You are immune to poison.
You have sharp fingernails.
Your flesh is cold resistant. (rC+)
You are immune to negative energy. (rN+++)
You do not regenerate when monsters are visible.
You are immune to unholy pain and torment.


Message History

* * * LOW HITPOINT WARNING * * *
You completely miss the iguana.
The iguana is heavily wounded.
The iguana bites you.
* * * LOW HITPOINT WARNING * * *
You hit the iguana.
The iguana is severely wounded.
The iguana bites you but does no damage.
You hit the iguana but do no damage.
The iguana is severely wounded.
The iguana bites you.
* * * LOW HITPOINT WARNING * * *
You hit the iguana but do no damage.
The iguana is severely wounded.
The iguana closely misses you.
You hit the iguana but do no damage.
The iguana is severely wounded.
The iguana bites you.
* * * LOW HITPOINT WARNING * * *
You hit the iguana but do no damage.
The iguana is severely wounded.
The iguana bites you.
* * * LOW HITPOINT WARNING * * *
You hit the iguana but do no damage.
The iguana is severely wounded.
The iguana bites you.
* * * LOW HITPOINT WARNING * * *
You hit the iguana but do no damage.
The iguana is severely wounded.
The iguana closely misses you.
You closely miss the iguana.
The iguana is severely wounded.
Your scale mail prevents you from hitting the iguana.
The iguana is severely wounded.
The iguana bites you.
* * * LOW HITPOINT WARNING * * *
You hit the iguana.
The iguana is severely wounded.
The iguana bites you!
You die...

.! #.# #.#
#.#############
#.............#
#.l##########.## # #..#
####... .####.####..#
#.<.###
........@l..#######......
......####............###
##### ##############


You could see an iguana.

Vanquished Creatures
  A water moccasin (D:4)
  A lemure (D:4)
  A phantom (D:4)
  2 iguanas
  Natasha (thrice) (D:3)
  An orc wizard (D:4)
  4 adders
  A worm (D:2)
  A dart slug (D:1)
  4 orcs
  6 endoplasms
  3 giant cockroaches
  5 goblins
  2 hobgoblins
  2 jackals (D:2)
  3 kobolds
  2 quokkas
  8 ball pythons
  9 bats
  A frilled lizard (D:1)
  6 rats
66 creatures vanquished.

Notes
Turn   | Place    | Note
-------+----------+-------------------------------------------
     0 | D:1      | Strat the Ghoul Brigand began the quest for the Orb.
     0 | D:1      | Reached XP level 1. HP: 17/17 MP: 0/0
   155 | D:1      | Reached XP level 2. HP: 25/25 MP: 1/1
   165 | D:1      | Reached skill level 3 in Fighting
   649 | D:1      | Reached XP level 3. HP: 33/33 MP: 2/2
  1211 | D:2      | Reached skill level 4 in Fighting
  1425 | D:2      | Found a faded altar of an unknown god.
  1453 | D:2      | Reached skill level 1 in Armour
  1879 | D:3      | Reached XP level 4. HP: 36/40 MP: 3/3
  2051 | D:3      | Noticed Natasha
  2069 | D:3      | Killed Natasha
  2166 | D:3      | Noticed Natasha
  2181 | D:3      | Killed Natasha
  2233 | D:3      | Noticed Natasha
  2252 | D:3      | Killed Natasha
  2253 | D:3      | Reached XP level 5. HP: 37/46 MP: 4/4
  2899 | D:4      | Reached skill level 5 in Fighting
  3059 | D:4      | Learned a level 4 spell: Passage of Golubria
  3149 | D:4      | Reached XP level 6. HP: 28/56 MP: 5/5
  3499 | D:4      | Reached skill level 6 in Fighting
  3569 | D:4      | Noticed Edmund
  3829 | D:5      | Entered Level 5 of the Dungeon
  4320 | D:5      | Noticed Pikel
  4424 | D:5      | Noticed a water moccasin
  4448 | D:4      | Killed a water moccasin
  5001 | D:5      | Mangled by an iguana

Illustrated notes

Levels and vault maps discovered:
D:1:      dpeg_arrival_rooms_b, layout_basic, chequers_serial_rivers_small_a,
          eino_curves_02
D:2:      wad_pebble_path, layout_loops_cross,
          shapermc_ecumenical_altar_pompeii, kennysheep_flooded_box
D:3:      layout_basic, chequers_serial_rivers_marsh, uniq_natasha
D:4:      layout_basic, eino_tiny_chamber, uniq_edmund
D:5:      layout_loops_ring, uniq_pikel

Skill      XL: |  1  2  3  4  5  6 |
---------------+-------------------+-----
Fighting       | 3 4 5 6 |  6.4
Armour         | 1 3 |  3.5
Short Blades   | |  1.7
Throwing       | |  1.7
Dodging        | |  0.8
Stealth        | |  4.3

Action                   |  1- 3 |  4- 6 || total
-------------------------+-------+-------++-------
Melee: Dagger            |    39 |   106 ||   145
 Fire: Hunting sling     |    73 |    50 ||   123
Throw: Dart              |     9 |    27 ||    36
       Stone             |       |     2 ||     2
  Use: Scroll            |       |    10 ||    10
 Stab: Sleeping          |     3 |     1 ||     4
Armor: Robe              |    10 |       ||    10
       Ring mail         |    21 |    18 ||    39
       Scale mail        |       |    17 ||    17
Dodge: Dodged            |    36 |    41 ||    77
